 Dungeon Crawl Stone Soup version 0.17.0-7-gfadd4cc (webtiles) character file.

58 Galdon the Sneak (level 4, -1/21 HPs)
             Began as a Vine Stalker Enchanter on Nov 7, 2015.
             Killed from afar by an orc wizard (8 damage)
             ... with a puff of flame
             ... on level 3 of the Dungeon on Nov 8, 2015.
             The game lasted 00:18:23 (1729 turns).

Galdon the Sneak (Vine Stalker Enchanter)           Turns: 1729, Time: 00:18:23

Health: -1/21      AC:  3    Str: 11    XL:     4   Next: 2%
Magic:  0/9        EV: 12    Int: 15    God:
Gold:   113        SH:  0    Dex: 15    Spells: 3 memorised, 2 levels left

rFire  . . .     SeeInvis .     n - +2 dagger (elec)
rCold  . . .     Clarity  .     i - +0 leather armour
rNeg   . . .     SustAt   .     (no shield)
rPois  .         Gourm    .     (no helmet)
rElec  .         Spirit   +     (no cloak)
rCorr  .         Warding  .     (no gloves)
rMut   .         Stasis   .     (no boots)
MR     .....                    (no amulet)
Stlth  ++........               (no ring)
                                (no ring)

@: very slightly contaminated, not resistant to hostile enchantments, unstealthy
A: fangs 2, regeneration 1, magic shield, antimagic bite, no device heal 3, rot
immunity
a: no special abilities


You were on level 3 of the Dungeon.
You were not hungry.

You visited 1 branch of the dungeon, and saw 3 of its levels.

You collected 113 gold pieces.

Inventory:

Hand Weapons
 a - a +1 dagger
 n - a +2 dagger of electrocution (weapon)
Missiles
 g - 14 poisoned needles
 l - 29 stones (quivered)
Armour
 i - a +0 leather armour (worn)
Scrolls
 e - a scroll of enchant weapon {unknown}
 f - a scroll of identify {unknown}
 k - a scroll of recharging {unknown}
 o - a scroll of noise {unknown}
 q - a scroll of amnesia {unknown}
Potions
 b - a potion of ambrosia {unknown}
 p - a potion of might {unknown}
 r - a potion of curing {unknown}
Books
 c - a book of Maledictions

   Spells                             Type                      Level
   a - Corona                         Hexes                        1
   b - Ensorcelled Hibernation        Hexes/Ice                    2
   c - Confuse                        Hexes                        3
   d - Tukima's Dance                 Hexes                        3
   e - Dazzling Spray                 Conjuration/Hexes            3
 h - a book of Geomancy

   Spells                             Type                      Level
   a - Sandblast                      Earth                        1
   b - Stoneskin                      Transmutation/Earth          2
   c - Passwall                       Transmutation/Earth          3
   d - Stone Arrow                    Conjuration/Earth            3
   e - Petrify                        Transmutation/Earth          4
   f - Lee's Rapid Deconstruction     Earth                        5
Comestibles
 d - 3 bread rations
 j - 4 meat rations
 m - a royal jelly
 s - 2 chunks of flesh


   Skills:
 * Level 1.1 Short Blades
 + Level 0.1 Armour
 + Level 1.7 Dodging
 + Level 4.1 Stealth
 * Level 2.9 Spellcasting
 * Level 3.6 Hexes
 + Level 0.4 Ice Magic


You had 2 spell levels left.
You knew the following spells:

 Your Spells              Type           Power        Failure   Level  Hunger
a - Corona                Hex            ##.....      10%         1    #......
b - Ensorcelled Hibernat  Hex/Ice        #.....       21%         2    ##.....
c - Confuse               Hex            ##......     21%         3    ###....


Dungeon Overview and Level Annotations

Branches:
Dungeon (3/15)

Altars:
Qazlal
Yredelemnul


Innate Abilities, Weirdness & Mutations

You have extremely sharp teeth.
Your natural rate of healing is unusually fast.
When hurt, damage is shared between your health and your magic reserves.
Your bite disrupts and absorbs the magic of your enemies.
Potions and wands cannot restore your health.
You are immune to rotting.


Message History

Okay, then.
You hit the orc wizard.
The orc wizard is lightly wounded.
The orc wizard misses you.
You closely miss the orc wizard.
You bite the orc wizard, but do no damage.
The orc wizard is lightly wounded.
You barely miss the orc wizard.
You bite the orc wizard, but do no damage.
The orc wizard is lightly wounded.
The orc wizard hits you but does no damage.
You hit the orc wizard but do no damage.
The orc wizard is lightly wounded.
The orc wizard barely misses you.
The orc wizard gestures wildly while chanting.
The orc wizard flickers and vanishes!
Deactivating autopickup; reactivate with Ctrl-A.
A puff of flame appears from out of thin air!
The puff of flame hits you!
You die...

##...# ## # #.....# ..#. .## #
#.....# #.#. ...#### #.....#####
##....# #.....#
#......<...#####..##.######.###..
#....................... ........
#......######.........### #.## #
#.............#.@####...###..####
.#.<..##.###.......{o....o.o.....
..###.##.###.#######....####..###
#.# #.#......# ####...###...# #..
#.#.###..# #.#....##.# ##..#.#.#
##†# #.........# #.....# #..#
###........ .##### ##.# ##.....##
.# .. #..<..##


You could see an orc.

Vanquished Creatures
  2 adders (D:2)
  A worm (D:2)
  2 orcs (D:3)
  5 bats
  2 giant cockroaches
  6 goblins
  6 hobgoblins
  A quokka (D:2)
  A ball python (D:2)
  2 giant newts
  5 kobolds
  A rat (D:2)
34 creatures vanquished.

Notes
Turn   | Place    | Note
--------------------------------------------------------------
     0 | D:1      | Galdon the Vine Stalker Enchanter began the quest for the Orb.
     0 | D:1      | Reached XP level 1. HP: 9/9 MP: 4/4
   231 | D:1      | Reached XP level 2. HP: 13/13 MP: 6/6
   263 | D:1      | Learned a level 2 spell: Ensorcelled Hibernation
   838 | D:2      | Reached skill level 1 in Short Blades
   873 | D:2      | Reached XP level 3. HP: 16/16 MP: 5/7
   876 | D:2      | Reached skill level 4 in Stealth
  1012 | D:2      | Learned a level 3 spell: Confuse
  1304 | D:2      | Noticed an earth elemental
  1306 | D:2      | Found a stormy altar of Qazlal.
  1307 | D:2      | Noticed an air elemental
  1307 | D:2      | Noticed a fire elemental
  1307 | D:2      | Noticed a water elemental
  1618 | D:3      | Upgraded the game from 0.17.0 to 0.17.0-7-gfadd4cc
  1681 | D:3      | Found a basalt altar of Yredelemnul.
  1719 | D:3      | Reached XP level 4. HP: 15/21 MP: 4/9
  1729 | D:3      | Killed from afar by an orc wizard

Action                   |  1- 3 |  4- 6 || total
-------------------------+-------+-------++-------
Melee: Dagger            |    52 |     5 ||    57
Throw: Stone             |     6 |       ||     6
 Cast: Corona            |     8 |       ||     8
       Ensorcelled Hiber |    21 |     1 ||    22
 Stab: Sleeping          |    22 |       ||    22
  Eat: Chunk             |     4 |       ||     4
